 Dungeon Crawl Stone Soup version 0.23.2-30-g0e89c35 (webtiles) character file.

Game seed: 18348559212902936489

159 Keveth the Shield-Bearer (level 5, 0/46 HPs)
             Began as a Hill Orc Fighter on June 23, 2019.
             Slain by a gnoll
             ... wielding a +0 flail
              (4 damage)
             ... on level 2 of the Dungeon.
             The game lasted 00:18:12 (2797 turns).

Keveth the Shield-Bearer (Hill Orc Fighter)         Turns: 2797, Time: 00:18:13

Health: 0/46       AC:  7    Str: 20    XL:     5   Next: 40%
Magic:  5/5        EV:  8    Int:  8    God:
Gold:   59         SH:  9    Dex: 10    Spells: 4/4 levels left

rFire    . . .     SeeInvis .   y - +1 spear (pierce)
rCold    . . .     Gourm    .   c - +0 shield
rNeg     . . .     Faith    .   b - +0 scale mail
rPois    .         Spirit   .   (no helmet)
rElec    .         Reflect  .   (no cloak)
rCorr    .         Harm     .   (no gloves)
MR       .....                  (no boots)
Stlth    ..........             (no amulet)
HPRegen  0.15/turn              (no ring)
MPRegen  0.09/turn              (no ring)

@: no status effects
A: no striking features
a: no special abilities


You were on level 2 of the Dungeon.
You were not hungry.

You visited 1 branch of the dungeon, and saw 3 of its levels.

You collected 59 gold pieces.

Inventory:

Hand Weapons
 a - a +0 trident
 g - a +0 club
 v - a +4 short sword
 y - a +1 spear of piercing (weapon)
Missiles
 s - 28 arrows
Armour
 b - a +0 scale mail (worn)
 c - a +0 shield (worn)
 h - a +0 pair of boots
 w - a +0 ring mail
Jewellery
 i - a +4 ring of intelligence {unknown}
 k - an uncursed amulet of the acrobat {unknown}
Wands
 q - a wand of scattershot (5)
Scrolls
 j - a scroll of fear {unknown}
 l - 3 scrolls of identify {unknown}
 m - a scroll of enchant weapon {unknown}
 n - a scroll of teleportation {unknown}
 r - a scroll of remove curse {unknown}
 u - a scroll of enchant armour {unknown}
Potions
 d - a potion of might
 e - 2 potions of lignification {unknown}
 o - a potion of magic {unknown}
 p - a potion of curing {unknown}
 t - a potion of degeneration {unknown}
Comestibles
 f - 3 rations
 x - 5 chunks of flesh


   Skills:
 - Level 3.6 Fighting
 + Level 3.7 Polearms
 + Level 4.2 Armour
 + Level 1.0 Dodging
 + Level 0.1 Stealth
 + Level 4.7 Shields


You had 4 spell levels left.
You didn't know any spells.
Your spell library was empty.

Dungeon Overview and Level Annotations

Branches:
Dungeon (3/15)

Altars:
Ashenzari


Message History

There is a stone staircase leading down here.
You hit the gnoll but do no damage. The gnoll barely misses you.
You block the kobold's attack.
You barely miss the gnoll. The gnoll closely misses you.
Your shield and scale mail prevent you from hitting the gnoll.
The kobold closely misses you.
You completely miss the gnoll. The gnoll hits you with a +0 flail.
The kobold hits you but does no damage.
You closely miss the gnoll. The kobold hits you but does no damage.
The gnoll hits you but does no damage.
You closely miss the gnoll. The kobold hits you but does no damage.
The gnoll hits you with a +0 flail!
* * * LOW HITPOINT WARNING * * *
You closely miss the gnoll.
The kobold hits you with a cursed +0 club.
* * * LOW HITPOINT WARNING * * *
You block the gnoll's attack.
You hit the gnoll but do no damage. You block the kobold's attack.
The gnoll hits you with a +0 flail.
You die...

.....................### #..#.#
#.###...............### #..#..
#.########.##....................
......# .........................
......####.###...................
.......................#.#.#..###
................................#
......####.#.#.#K##.#..#.#.#....#
......####...#.#@##.#..#.#.#....#
...............g.รท...............
......####.###.#.##........#..###
......# #.# #.#.####..#.###..#
......# #.# #.#.# #..#.# #..#
####### ### #.#.# #..#.# #...
#.#.# #..#.# ##.##
#.#.####..#.####.#
#................#


You could see a gnoll and a kobold.

Vanquished Creatures
  Robin (D:3)
  A gnoll (D:2)
  5 adders
  2 oozes
  A worm (D:3)
  3 dart slugs
  2 leopard geckos
  An orc (D:3)
  4 giant cockroaches
  19 goblins
  3 hobgoblins
  8 jackals (D:2)
  A quokka (D:3)
  6 bats (D:1)
  2 frilled lizards (D:2)
  7 kobolds
  2 rats
68 creatures vanquished.

Notes
Turn   | Place    | Note
-------+----------+-------------------------------------------
     0 | D:1      | Keveth the Hill Orc Fighter began the quest for the Orb.
     0 | D:1      | Reached XP level 1. HP: 19/19 MP: 1/1
   252 | D:1      | Reached XP level 2. HP: 27/27 MP: 2/2
   424 | D:1      | Found a shattered altar of Ashenzari.
   488 | D:1      | Reached XP level 3. HP: 31/33 MP: 3/3
  1531 | D:2      | Reached XP level 4. HP: 40/40 MP: 4/4
  2363 | D:3      | Reached XP level 5. HP: 42/46 MP: 5/5
  2368 | D:3      | Noticed Robin
  2384 | D:3      | Killed Robin
  2778 | D:2      | Reached skill level 1 in Dodging
  2797 | D:2      | Slain by a gnoll

Skill      XL: |  1  2  3  4  5 |
---------------+----------------+-----
Shields        | 4 |  4.7
Polearms       | 3 |  3.7
Armour         | 4 |  4.2
Dodging        | 1 |  1.0
Fighting       | |  3.6
Stealth        | |  0.1

Action                   |  1- 3 |  4- 6 || total
-------------------------+-------+-------++-------
Melee: Trident           |   150 |    95 ||   245
       Spear             |       |    18 ||    18
  Eat: Chunk             |     1 |     2 ||     3
       Ration            |     1 |       ||     1
Armor: Scale mail        |    93 |    59 ||   152
Dodge: Dodged            |    50 |    44 ||    94
Block: Shield            |    94 |    77 ||   171
